Map: Central Protocol

Players

Miltreta

  • Race: Terran Terran
  • League: Bronze

Litti - Winner!

  • Race: Protoss Protoss
  • League: Bronze

VOD

Have the link to the VOD?

Description

Time

  • Played on: March 10, 2016, 6:56 a.m.
  • Length: 6:01
Show
View Real Time Build Order
Export as new Build Order

Miltreta Terran 

Build Orders:  

Get SALT Encoding   

  12  0:01  SCV  
  13  0:13  SCV  
  14  0:25  Supply Depot  
  14  0:28  SCV  
  15  0:46  Refinery  
  15  0:50  Barracks  
  15  0:58  SCV  
  16  1:12  SCV  
  17  1:25  SCV  
  18  1:27  Refinery  
  18  1:43  SCV  
  19  1:54  Barracks Tech Lab  
  19  1:57  Orbital Command  
  19  2:17  Marauder  
  19  2:19  Command Center  
  19  2:21  Concussive Shells  
  21  2:24  SCV  
  22  2:56  Supply Depot  
  22  3:00  SCV  
  23  3:17  Marauder  
  25  3:24  Barracks  
  25  3:28  Factory  
  25  3:33  SCV  
  26  3:36  SCV  
  27  3:46  Supply Depot  
  27  3:51  Marauder, Supply Depot  
  29  4:06  Engineering Bay  
  29  4:12  Marauder  
  23  4:41  Marauder  
  24  4:46  SCV  
  25  4:56  Marine  
  25  4:58  Hellion  
  24  5:03  Marauder  
  14  5:14  Marine  
  14  5:19  Hellion  
  15  5:27  Marauder  
  12  5:41  Marine  
Show
View Real Time Build Order
Export as new Build Order

Litti Protoss - Winner!

Build Orders:  

Get SALT Encoding   

  12  0:01  Probe (Chrono Boost)  
  13  0:13  Pylon  
  13  0:18  Probe (Chrono Boost)  
  14  0:29  Probe (Chrono Boost)  
  14  0:34  Gateway  
  15  0:39  Probe (Chrono Boost)  
  16  0:47  Assimilator  
  16  0:52  Probe (Chrono Boost)  
  17  0:58  Pylon  
  17  1:03  Probe (Chrono Boost)  
  18  1:13  Probe (Chrono Boost)  
  19  1:21  Cybernetics Core  
  19  1:24  Probe (Chrono Boost)  
  20  1:34  Probe (Chrono Boost)  
  21  1:45  Gateway, Probe (Chrono Boost)  
  22  1:49  Assimilator  
  22  1:55  Probe (Chrono Boost)  
  22  1:58  Pylon  
  23  2:01  Adept  
  23  2:05  Warp Gate (Chrono Boost)  
  25  2:24  Gateway  
  25  2:29  Pylon  
  25  2:32  Mothership Core  
  25  2:35  Adept  
  29  2:49  Adept  
  31  2:54  Probe  
  32  3:06  Probe  
  32  3:08  Adept  
  32  3:12  Pylon  
  35  3:29  Pylon  
  35  3:45  Nexus  
  35  3:49  Pylon  
  35  4:10  Pylon  
  35  4:30  Probe  
  34  4:31  Zealot  
  34  4:32  Zealot x2  
  40  4:42  Probe  
  37  5:01  Stalker x3  
  37  5:05  Probe  
  42  5:17  Probe  
  39  5:29  Probe  
  40  5:47  Zealot x3  
Tags
 
Add a new tag
Caveats
  • Supply blocks, unpowered buildings, or Contaminate may cause inaccurate times.
  • Supply counts are checked every 10 seconds.